 Dungeon Crawl Stone Soup version 0.19-a0-139-gefc6d61 (webtiles) character file.

39 AlphabetPasta the Slasher (level 3, 0/29 HPs)
             Began as a Vampire Chaos Knight on May 17, 2016.
             Succumbed to a kobold's poison
             ... on level 1 of the Dungeon.
             The game lasted 00:04:04 (505 turns).

AlphabetPasta the Slasher (Vampire Chaos Knight)     Turns: 505, Time: 00:04:05

Health: 0/29       AC:  5    Str: 12    XL:     3   Next: 26%
Magic:  3/3        EV: 12    Int: 14    God:    Xom [....*.]
Gold:   74         SH:  0    Dex: 13    Spells: 0 memorised, 2 levels left

rFire  . . .     SeeInvis +     a - +0 falchion (chaos)
rCold  . . .     Gourm    .     b - +2 leather armour
rNeg   . . .     Faith    .     (no shield)
rPois  .         Spirit   .     (no helmet)
rElec  .         Dismiss  .     (no cloak)
rCorr  .         Reflect  .     (no gloves)
SustAt .         Harm     .     (no boots)
MR     .....                    (no amulet)
Stlth  +.........               (no ring)
                                (no ring)

@: lethally poisoned (0 -> -7), regenerating quickly, not resistant to hostile
enchantments, very unstealthy
A: fangs 3, see invisible, unbreathing
a: Renounce Religion


You were on level 1 of the Dungeon.
You worshipped Xom.
You were a beloved toy of Xom.
You were very full.

You visited 1 branch of the dungeon, and saw 1 of its levels.

You collected 74 gold pieces.

Inventory:

Hand Weapons
 a - a +0 falchion of chaos (weapon)
Armour
 b - a +2 leather armour (worn)
Rods
 d - a +4 rod of shadows (12/12)
   (Xom gifted it to you on level 1 of the Dungeon)
Scrolls
 e - a scroll of remove curse {unknown}
 f - 5 scrolls of identify {unknown}
 g - a scroll of blinking {unknown}
 h - a scroll of immolation {unknown}
 i - a scroll of enchant armour {unknown}
Potions
 c - a potion of blood


   Skills:
 + Level 3.1 Fighting
 + Level 3.4 Long Blades
 + Level 1.1 Armour
 + Level 2.5 Dodging
 + Level 0.8 Evocations


You had 2 spell levels left.
You didn't know any spells.

Dungeon Overview and Level Annotations

Branches:
Dungeon (1/15)

Altars:


Innate Abilities, Weirdness & Mutations

Your natural rate of healing is unusually fast.
You have razor-sharp teeth.
You have supernaturally acute eyesight.
You can survive without breathing.


Message History

* * * LOW HITPOINT WARNING * * *
You feel sick.
* * * LOW HITPOINT WARNING * * *
You feel sick.
You see here a scroll labeled SIYN PENYANGIMY.
f - 5 scrolls labeled SIYN PENYANGIMY (gained 1)
* * * LOW HITPOINT WARNING * * *
You feel sick.
* * * LOW HITPOINT WARNING * * *
You feel sick.
* * * LOW HITPOINT WARNING * * *
You feel sick.
* * * LOW HITPOINT WARNING * * *
You feel sick.
Things that are here:
8 gold pieces; a scroll labeled OLEOGOULASA
i - a scroll labeled OLEOGOULASA You now have 74 gold pieces (gained 8).
You die...
Xom giggles madly!

...####...#'## ....#
#.###.# †...# #.# #.#
#########
)...###.###.####........
.......((.....†)...>##
...######...###÷.....#
...# #.#####......# ####
#............### .#
#######.@....... .#
#..#....## .# #.......#
.# ##.#..#.# ## #....#.#
### ## #


There were no monsters in sight!

Vanquished Creatures
  A gnoll (D:1)
  A giant gecko (D:1)
  A ball python (D:1)
  2 bats (D:1)
  4 goblins (D:1)
  2 hobgoblins (D:1)
  8 jackals (D:1)
  4 kobolds (D:1)
  A rat (D:1)
24 creatures vanquished.

Vanquished Creatures (others)
  5 toadstools (D:1)
5 creatures vanquished.

Grand Total: 29 creatures vanquished

Notes
Turn   | Place    | Note
--------------------------------------------------------------
     0 | D:1      | AlphabetPasta the Vampire Chaos Knight began the quest for the Orb.
     0 | D:1      | Reached XP level 1. HP: 17/17 MP: 1/1
    40 | D:1      | Reached skill level 1 in Armour
    46 | D:1      | XOM: god gift: weird jewelled rod {god gift}
    54 | D:1      | Reached XP level 2. HP: 11/23 MP: 2/2
    58 | D:1      | Identified a +4 rod of shadows (12/12) (Xom gifted it to you on level 1 of the Dungeon)
   378 | D:1      | Reached XP level 3. HP: 23/29 MP: 3/3
   456 | D:1      | XOM: scenery: 1 doors open, 1 doors close
   504 | D:1      | HP: 1/29 [poisoned by a kobold]
   505 | D:1      | Succumbed to a kobold's poison

Vault maps used:
D:1:      ldierk_walled_garden

Skill      XL: |  1  2 |
---------------+-------+-----
Armour         | 1 |  1.1
Fighting       | 3 |  3.1
Long Blades    | |  3.4
Dodging        | |  2.5
Evocations     | |  0.8

Action                   || total
-------------------------++-------
Melee: Falchion          ||    63
       Bite              ||     4
  Use: Potion            ||     4
 Stab: Paralysed         ||     2
       Confused          ||     2
  Eat: Corpse            ||     7
Armor: Leather armour    ||    21
Dodge: Dodged            ||    50
